Ice Dragons vs Condors
Created - February 24, 2021 at 20:46
Goals
|
| Ice Dragons |
1 |
1 |
2 |
4 |
| Condors |
0 |
2 |
1 |
3 |
|
Shots
|
| Ice Dragons |
14 |
10 |
3 |
27 |
| Condors |
17 |
13 |
11 |
41 |
|
1st period
1. Ice Dragons , Emil Pettersson 10 (William Carrier 12, Zach Trotman 17) at 8:38
Penalties :
No Penalty
2nd period
2. Condors , Mikko Lehtonen 13 (Andrew Mangiapane 21, Frederik Gauthier 32) at 0:34
3. Ice Dragons , Corban Knight 27 (Billy Sweat 31, Brandon Kozun 26) at 11:34
4. Condors , Andrew Mangiapane 15 (Mikko Lehtonen 14, Frederik Gauthier 33) at 14:43
Penalties :
William Carrier (Kin) for Hooking (Minor) at 4:06
3rd period
5. Condors , Nail Yakupov 42 (Tyler Bozak 39, Anton Slepyshev 37) at 0:06
6. Ice Dragons , Justin Shugg 9 (Sam Carrick 29, Kevin Connauton 43) at 16:15 (PP)
7. Ice Dragons , Emil Pettersson 11 (Luca Sbisa 13) at 19:39
Penalties :
Eric Gustafsson (Bak) for Interference (Minor) at 15:43
Goalie Stats
Chet Pickard (Kin), 38 saves from 41 shots - (0.927), W, 22-16-2, 60:00 minutes
Ilya Samsonov (Bak), 23 saves from 27 shots - (0.852), L, 6-11-1, 59:43 minutes
Players Stats for Ice Dragons
Player Name G A P +/- PIM S H SB GA TA FO MP PP MP PK MP
------------------------------------------------------------------------------------
Alex Plante 0 0 0 0 0 1 1 1 1 0 0/0 18:50 0:00 0:52
Billy Sweat 0 1 1 -1 0 0 2 2 0 0 0/0 20:19 0:19 1:07
Brandon Kozun 0 1 1 -1 0 1 1 1 1 1 0/2 19:12 0:19 0:00
Chris Wagner 0 0 0 1 0 3 0 0 0 1 1/1 12:54 0:00 0:00
Corban Knight 1 0 1 -1 0 2 1 1 1 0 11/31 20:21 0:19 1:09
Emil Pettersson 2 0 2 2 0 2 3 1 1 0 2/3 13:28 0:00 0:23
Jerome Gauthier-Leduc 0 0 0 0 0 1 0 0 0 1 0/0 14:29 0:00 0:00
Juho Lammikko 0 0 0 0 0 0 0 0 0 0 0/0 9:48 0:00 0:00
Justin Shugg 1 0 1 -1 0 3 4 1 0 1 0/0 15:50 0:13 0:00
Kevin Connauton 0 1 1 0 0 0 1 0 1 0 0/0 26:41 0:32 1:07
Logan MacMillan 0 0 0 -1 0 2 3 0 0 0 0/0 16:13 0:13 0:23
Luca Sbisa 0 1 1 0 0 0 0 0 0 0 0/0 18:50 0:00 0:52
Phil Di Giuseppe 0 0 0 1 0 3 1 0 0 0 0/0 10:23 0:00 0:18
Robin Norell 0 0 0 0 0 1 0 1 0 1 0/0 14:29 0:00 0:00
Sam Carrick 0 1 1 -1 0 2 2 1 1 0 5/9 16:13 0:13 0:23
Theodor Blueger 0 0 0 0 0 0 3 0 0 0 3/3 10:09 0:00 0:15
William Carrier 0 1 1 2 2 5 0 0 0 0 0/1 13:10 0:00 0:00
Zach Trotman 0 1 1 0 0 1 6 1 0 1 0/0 26:41 0:32 1:07
Players Stats for Condors
Player Name G A P +/- PIM S H SB GA TA FO MP PP MP PK MP
------------------------------------------------------------------------------------
Alex Tuch 0 0 0 -1 0 1 1 0 0 0 0/0 12:09 0:00 0:00
Andrew Mangiapane 1 1 2 2 0 5 2 1 0 0 0/0 16:52 1:01 0:00
Anton Slepyshev 0 1 1 -1 0 0 1 2 1 1 2/2 20:15 0:58 0:00
Brett Lernout 0 0 0 -1 0 0 0 0 0 0 0/0 8:01 0:00 0:00
C.J Suess 0 0 0 0 0 4 1 0 0 0 0/0 10:12 0:00 0:00
Carl Gunnarsson 0 0 0 0 0 2 1 0 2 0 0/0 23:33 0:57 0:00
Chris Bigras 0 0 0 0 0 0 0 0 0 1 0/0 11:23 0:00 0:32
Christian Thomas 0 0 0 0 0 3 1 1 0 0 0/0 12:02 0:00 0:00
Daniel Zaar 0 0 0 -1 0 1 0 0 0 0 0/0 10:19 0:00 0:00
Eric Gustafsson 0 0 0 0 2 0 1 3 1 1 0/0 22:57 1:02 0:00
Erik Cernak 0 0 0 -1 0 0 0 0 0 1 0/0 9:31 0:00 0:00
Frederik Gauthier 0 2 2 2 0 3 0 0 0 0 3/8 16:52 1:01 0:00
Gustav Olofsson 0 0 0 0 0 0 2 0 0 1 0/0 10:51 0:00 0:00
Louis Leblanc 0 0 0 -1 0 4 1 0 0 0 1/3 10:19 0:00 0:00
Mark Jankowski 0 0 0 0 0 3 0 0 1 1 2/5 12:02 0:00 0:00
Mikko Lehtonen 1 1 2 2 0 4 0 0 0 0 1/1 16:52 1:01 0:00
Nail Yakupov 1 0 1 -1 0 6 2 0 0 0 3/4 20:47 0:58 0:32
Olli Maatta 0 0 0 1 0 1 1 2 0 0 0/0 16:08 0:57 0:00
Tyler Bozak 0 1 1 -1 0 4 1 2 1 0 16/27 20:47 0:58 0:32
Zac Leslie 0 0 0 1 0 0 3 3 0 0 0/0 17:35 1:02 0:32
3 Stars
1 - Emil Pettersson (Kin)
2 - Andrew Mangiapane (Bak)
3 - Mikko Lehtonen (Bak)
Power Play
Ice Dragons - 1 on 1 Attempt(s) - 100.00%
Condors - 0 on 1 Attempt(s) - 0.00%
Penalty Kill
Ice Dragons - 1 on 1 Attempt(s) - 100.00%
- Score 0 goal in Penalty Kill
Condors - 0 on 1 Attempt(s) - 0.00%
- Score 0 goal in Penalty Kill
Team Stat
Ice Dragons - Hits : 28 - Faceoff Wins : 22 - Blocked Shots : 10 - Penalty Minutes : 2
Condors - Hits : 18 - Faceoff Wins : 28 - Blocked Shots : 14 - Penalty Minutes : 2
Official
Referees : Unknown
Linesman : Unknown
Game Notes
Olli Maatta is injured at 13:35 of 3rd period (Torso)
Finance
Level 1 -- Attendance: 1263 (63.15%) -- Ticket Income $50,520
Level 2 -- Attendance: 694 (69.40%) -- Ticket Income $13,880
Total Attendance: 1957 (65.23%)
Total Ticket Income: $64,400
Other Income: $3,220
Total Income: $67,620
Ice Dragons
5 vs 5 Forward
Center Left Wing Right Wing Time % Phy DF OF
1 Corban Knight Billy Sweat Brandon Kozun 40 1 2 2
2 Sam Carrick Logan MacMillan Justin Shugg 30 1 2 2
3 Emil Pettersson William Carrier Chris Wagner 20 1 2 2
4 Theodor Blueger Phil Di Giuseppe Juho Lammikko 10 1 2 2
5 vs 5 Defense
Defense Defense Time % Phy DF OF
1 Kevin Connauton Zach Trotman 40 1 2 2
2 Luca Sbisa Alex Plante 30 1 2 2
3 Jerome Gauthier-Leduc Robin Norell 20 1 2 2
4 Kevin Connauton Zach Trotman 10 1 2 2
PowerPlay Forward
Center Left Wing Right Wing Time % Phy DF OF
1 Corban Knight Billy Sweat Brandon Kozun 60 1 2 2
2 Sam Carrick Logan MacMillan Justin Shugg 40 1 2 2
PowerPlay Defense
Defense Defense Time % Phy DF OF
1 Kevin Connauton Zach Trotman 60 1 2 2
2 Luca Sbisa Alex Plante 40 1 2 2
Penalty Kill 4 Players Forward
Center Wing Time % Phy DF OF
1 Corban Knight Billy Sweat 60 1 2 2
2 Sam Carrick Logan MacMillan 40 1 2 2
Penalty Kill 4 Players Defense
Defense Defense Time % Phy DF OF
1 Kevin Connauton Zach Trotman 60 1 2 2
2 Luca Sbisa Alex Plante 40 1 2 2
Penalty Kill - 3 Players Forward
Forward Time % Phy DF OF
1 Corban Knight 60 1 2 2
2 Billy Sweat 40 1 2 2
Penalty Kill - 3 Players Defense
Defense Defense Time % Phy DF OF
1 Kevin Connauton Zach Trotman 60 1 2 2
2 Luca Sbisa Alex Plante 40 1 2 2
4 vs 4 Forward
Center Wing Time % Phy DF OF
1 Corban Knight Billy Sweat 60 1 2 2
2 Sam Carrick Logan MacMillan 40 1 2 2
4 vs 4 Defense
Defense Defense Time % Phy DF OF
1 Kevin Connauton Zach Trotman 60 1 2 2
2 Luca Sbisa Alex Plante 40 1 2 2
Last Minutes Offensive
Center Left Wing Right Wing Defense Defense
Corban Knight Billy Sweat Brandon Kozun Kevin Connauton Zach Trotman
Last Minutes Defensive
Center Left Wing Right Wing Defense Defense
Corban Knight Billy Sweat Brandon Kozun Kevin Connauton Zach Trotman
Goaltenders
Starting : Chet Pickard
Backup : Joacim Eriksson
Extra Forwards
Normal : William Carrier, Phil Di Giuseppe, Emil Pettersson - PP : William Carrier, Phil Di Giuseppe - PK : Emil Pettersson
Extra Defensemen
Normal : Jerome Gauthier-Leduc, Robin Norell, Luca Sbisa - PP : Jerome Gauthier-Leduc - PK : Robin Norell, Luca Sbisa
Penalty Shots
Corban Knight, Billy Sweat, Sam Carrick, Logan MacMillan, Brandon Kozun
Scratches
Thomas Gobeil (Healthy), David Shields (Healthy), Jordan LaVallee (Strained Right Elbow Injury), Alex Henriksson (Healthy), Cole Ully (Healthy)
Mario Lucia (Healthy), Alex Lintuniemi (Healthy), Samuel Groulx (Back Spasms Injury), Oscar Dansk (Healthy)
Condors
5 vs 5 Forward
Center Left Wing Right Wing Time % Phy DF OF
1 Tyler Bozak Anton Slepyshev Nail Yakupov 40 1 2 2
2 Frederik Gauthier Andrew Mangiapane Mikko Lehtonen 30 1 2 2
3 Mark Jankowski Christian Thomas Alex Tuch 20 1 2 2
4 Louis Leblanc C.J Suess Daniel Zaar 10 1 2 2
5 vs 5 Defense
Defense Defense Time % Phy DF OF
1 Carl Gunnarsson Eric Gustafsson 40 1 2 2
2 Zac Leslie Olli Maatta 30 1 2 2
3 Gustav Olofsson Chris Bigras 20 1 2 2
4 Brett Lernout Erik Cernak 10 1 2 2
PowerPlay Forward
Center Left Wing Right Wing Time % Phy DF OF
1 Tyler Bozak Anton Slepyshev Nail Yakupov 60 1 2 2
2 Frederik Gauthier Andrew Mangiapane Mikko Lehtonen 40 1 2 2
PowerPlay Defense
Defense Defense Time % Phy DF OF
1 Carl Gunnarsson Olli Maatta 60 1 2 2
2 Zac Leslie Eric Gustafsson 40 1 2 2
Penalty Kill 4 Players Forward
Center Wing Time % Phy DF OF
1 Tyler Bozak Nail Yakupov 60 1 2 2
2 Frederik Gauthier Mark Jankowski 40 1 2 2
Penalty Kill 4 Players Defense
Defense Defense Time % Phy DF OF
1 Olli Maatta Eric Gustafsson 60 1 2 2
2 Zac Leslie Chris Bigras 40 1 2 2
Penalty Kill - 3 Players Forward
Forward Time % Phy DF OF
1 Tyler Bozak 60 1 2 2
2 Nail Yakupov 40 1 2 2
Penalty Kill - 3 Players Defense
Defense Defense Time % Phy DF OF
1 Carl Gunnarsson Olli Maatta 60 1 2 2
2 Zac Leslie Chris Bigras 40 1 2 2
4 vs 4 Forward
Center Wing Time % Phy DF OF
1 Tyler Bozak Nail Yakupov 60 1 2 2
2 Frederik Gauthier Mark Jankowski 40 1 2 2
4 vs 4 Defense
Defense Defense Time % Phy DF OF
1 Carl Gunnarsson Eric Gustafsson 60 1 2 2
2 Zac Leslie Chris Bigras 40 1 2 2
Last Minutes Offensive
Center Left Wing Right Wing Defense Defense
Tyler Bozak Anton Slepyshev Nail Yakupov Carl Gunnarsson Eric Gustafsson
Last Minutes Defensive
Center Left Wing Right Wing Defense Defense
Tyler Bozak Anton Slepyshev Nail Yakupov Olli Maatta Eric Gustafsson
Goaltenders
Starting : Ilya Samsonov
Backup : Mark Visentin
Extra Forwards
Normal : Louis Leblanc, Alex Tuch, Daniel Zaar - PP : Louis Leblanc, Alex Tuch - PK : Daniel Zaar
Extra Defensemen
Normal : Erik Cernak, Brett Lernout, Gustav Olofsson - PP : Erik Cernak - PK : Brett Lernout, Gustav Olofsson
Penalty Shots
Tyler Bozak, Nail Yakupov, Frederik Gauthier, Mark Jankowski, Anton Slepyshev
Scratches
Emil Djuse (Healthy), Caleb Jones (Healthy), Nick Merkley (Healthy), Cole Cassels (Healthy), Jordan Subban (Healthy)
Jeremy Gregoire (Healthy), Connor Hurley (Healthy), Remi Elie (Healthy), Adam Erne (Healthy), Brett Ritchie (Healthy)
Anders Bjork (Healthy), Hunter Smith (Healthy), Jack Campbell (Healthy)
% Time on Ice - Ice Dragons
Lines # - Real PCT - Wanted PCT - Time Play
Normal Forward
1 - 33% - 40% - 18:50
2 - 27% - 30% - 15:37
3 - 23% - 20% - 12:54
4 - 17% - 10% - 9:48
Normal Defense
1 - 36% - 40% - 20:21
2 - 31% - 30% - 17:58
3 - 25% - 20% - 14:29
4 - 8% - 10% - 4:21
PP Forward
1 - 59% - 60% - 0:19
2 - 41% - 40% - 0:13
PP Defense
1 - 100% - 60% - 0:32
2 - 0% - 40% - 0:00
PK Forward
1 - 81% - 60% - 1:36
2 - 19% - 40% - 0:23
PK Defense
1 - 56% - 60% - 1:07
2 - 44% - 40% - 0:52
PK3 Forward
1 - 0% - 60%
2 - 0% - 40%
PK3 Defense
1 - 0% - 60%
2 - 0% - 40%
44 Forward
1 - 0% - 60%
2 - 0% - 40%
44 Defense
1 - 0% - 60%
2 - 0% - 40%
Last Minute Offensive - 0:00
Last Minute Defensive - 0:20
Total
Forward - 60:00
Defense - 60:00
|
% Time on Ice - Condors
Lines # - Real PCT - Wanted PCT - Time Play
Normal Forward
1 - 33% - 40% - 19:04
2 - 28% - 30% - 15:51
3 - 21% - 20% - 12:02
4 - 18% - 10% - 10:12
Normal Defense
1 - 39% - 40% - 22:16
2 - 28% - 30% - 16:01
3 - 19% - 20% - 10:51
4 - 14% - 10% - 8:01
PP Forward
1 - 49% - 60% - 0:58
2 - 51% - 40% - 1:01
PP Defense
1 - 48% - 60% - 0:57
2 - 52% - 40% - 1:02
PK Forward
1 - 100% - 60% - 0:32
2 - 0% - 40% - 0:00
PK Defense
1 - 0% - 60% - 0:00
2 - 100% - 40% - 0:32
PK3 Forward
1 - 0% - 60%
2 - 0% - 40%
PK3 Defense
1 - 0% - 60%
2 - 0% - 40%
44 Forward
1 - 0% - 60%
2 - 0% - 40%
44 Defense
1 - 0% - 60%
2 - 0% - 40%
Last Minute Offensive - 0:20
Last Minute Defensive - 0:00
Total
Forward - 60:00
Defense - 60:00
|
Play-by-Play
1st period
0:01 of 1st period - Tyler Bozak wins face-off versus Corban Knight in neutral zone.
1:00 of 1st period - Snap shot by Daniel Zaar.
1:00 of 1st period - Shot Misses the Net.
1:10 of 1st period - Wrist shot by Alex Tuch.
1:10 of 1st period - Stopped by Chet Pickard without a rebound.
1:11 of 1st period - Emil Pettersson wins face-off versus Mark Jankowski in Ice Dragons zone.
2:23 of 1st period - Wrist shot by Chris Wagner.
2:23 of 1st period - Shot Misses the Net.
2:25 of 1st period - Snap shot by William Carrier.
2:25 of 1st period - Stopped by Ilya Samsonov with a rebound.
2:43 of 1st period - Slapshot by C.J Suess.
2:43 of 1st period - Stopped by Chet Pickard with a rebound.
3:02 of 1st period - Snap shot by Sam Carrick.
3:02 of 1st period - Stopped by Ilya Samsonov without a rebound.
3:03 of 1st period - Tyler Bozak wins face-off versus Sam Carrick in Condors zone.
3:14 of 1st period - Wrist shot by Sam Carrick.
3:14 of 1st period - Stopped by Ilya Samsonov with a rebound.
3:16 of 1st period - Wrist shot by Sam Carrick.
3:16 of 1st period - Shot Misses the Net.
3:50 of 1st period - Slapshot by Kevin Connauton.
3:50 of 1st period - Shot Misses the Net.
4:13 of 1st period - Wrist shot by Phil Di Giuseppe.
4:13 of 1st period - Deflect By Louis Leblanc.
4:13 of 1st period - Shot Misses the Net.
4:13 of 1st period - Puck is out of play.
4:14 of 1st period - Theodor Blueger wins face-off versus Louis Leblanc in Condors zone.
4:23 of 1st period - Wrist shot by C.J Suess.
4:23 of 1st period - Stopped by Chet Pickard with a rebound.
4:29 of 1st period - Wrist shot by Louis Leblanc.
4:29 of 1st period - Stopped by Chet Pickard with a rebound.
5:01 of 1st period - Jerome Gauthier-Leduc is hit by Carl Gunnarsson and loses puck.
5:10 of 1st period - Snap shot by Andrew Mangiapane.
5:10 of 1st period - Stopped by Chet Pickard without a rebound.
5:11 of 1st period - Corban Knight wins face-off versus Tyler Bozak in Ice Dragons zone.
5:44 of 1st period - Off-side.
5:45 of 1st period - Sam Carrick wins face-off versus Frederik Gauthier in neutral zone.
5:58 of 1st period - Snap shot by Justin Shugg.
5:58 of 1st period - Stopped by Ilya Samsonov with a rebound.
6:00 of 1st period - Slapshot by Alex Plante.
6:00 of 1st period - Stopped by Ilya Samsonov without a rebound.
6:01 of 1st period - Tyler Bozak wins face-off versus Corban Knight in Condors zone.
7:16 of 1st period - Snap shot by Nail Yakupov.
7:16 of 1st period - Stopped by Chet Pickard without a rebound.
7:17 of 1st period - Corban Knight wins face-off versus Frederik Gauthier in Ice Dragons zone.
8:06 of 1st period - Snap shot by Brandon Kozun.
8:06 of 1st period - Stopped by Ilya Samsonov without a rebound.
8:07 of 1st period - Sam Carrick wins face-off versus Nail Yakupov in Condors zone.
8:38 of 1st period - Snap shot by Emil Pettersson.
8:38 of 1st period - Goal by Emil Pettersson - Ice Dragons : 1 - Condors : 0.
8:39 of 1st period - Frederik Gauthier wins face-off versus Corban Knight in neutral zone.
8:53 of 1st period - Snap shot by Mikko Lehtonen.
8:53 of 1st period - Stopped by Chet Pickard with a rebound.
8:55 of 1st period - Slapshot by Carl Gunnarsson.
8:55 of 1st period - Stopped by Chet Pickard with a rebound.
9:46 of 1st period - Off-side.
9:47 of 1st period - Theodor Blueger wins face-off versus Frederik Gauthier in neutral zone.
10:14 of 1st period - Wrist shot by Tyler Bozak.
10:14 of 1st period - Deflect By Nail Yakupov.
10:14 of 1st period - Shot Misses the Net.
10:14 of 1st period - Puck is out of play.
10:15 of 1st period - Corban Knight wins face-off versus Tyler Bozak in Ice Dragons zone.
10:20 of 1st period - Slapshot by Tyler Bozak.
10:20 of 1st period - Shot Misses the Net.
10:42 of 1st period - Alex Plante is hit by Andrew Mangiapane and loses puck.
10:51 of 1st period - Snap shot by Mikko Lehtonen.
10:51 of 1st period - Shot Misses the Net.
11:03 of 1st period - Wrist shot by Mark Jankowski.
11:03 of 1st period - Stopped by Chet Pickard without a rebound.
11:04 of 1st period - Mark Jankowski wins face-off versus Emil Pettersson in Ice Dragons zone.
11:11 of 1st period - Snap shot by Mark Jankowski.
11:11 of 1st period - Stopped by Chet Pickard with a rebound.
11:19 of 1st period - Backhand shot by Kevin Connauton.
11:19 of 1st period - Shot Blocked by Olli Maatta.
11:29 of 1st period - Kevin Connauton is hit by Anton Slepyshev.
12:11 of 1st period - Eric Gustafsson is hit by Theodor Blueger and loses puck.
12:36 of 1st period - Snap shot by Chris Wagner.
12:36 of 1st period - Stopped by Ilya Samsonov with a rebound.
12:38 of 1st period - Snap shot by Robin Norell.
12:38 of 1st period - Deflect By William Carrier.
12:38 of 1st period - Shot Misses the Net.
12:38 of 1st period - Puck is out of play.
12:39 of 1st period - Chris Wagner wins face-off versus Tyler Bozak in Condors zone.
12:53 of 1st period - Wrist shot by Jerome Gauthier-Leduc.
12:53 of 1st period - Stopped by Ilya Samsonov with a rebound.
12:55 of 1st period - Snap shot by Robin Norell.
12:55 of 1st period - Shot Misses the Net.
12:57 of 1st period - Wrist shot by William Carrier.
12:57 of 1st period - Stopped by Ilya Samsonov without a rebound.
12:58 of 1st period - Corban Knight wins face-off versus Frederik Gauthier in Condors zone.
13:05 of 1st period - Snap shot by Corban Knight.
13:05 of 1st period - Stopped by Ilya Samsonov with a rebound.
13:23 of 1st period - Brett Lernout is hit by Kevin Connauton and loses puck.
14:16 of 1st period - Slapshot by Olli Maatta.
14:16 of 1st period - Stopped by Chet Pickard with a rebound.
14:18 of 1st period - Slapshot by Olli Maatta.
14:18 of 1st period - Shot Misses the Net.
14:30 of 1st period - Wrist shot by Phil Di Giuseppe.
14:30 of 1st period - Shot Misses the Net.
14:58 of 1st period - Wrist shot by Tyler Bozak.
14:58 of 1st period - Stopped by Chet Pickard with a rebound.
15:08 of 1st period - Carl Gunnarsson is hit by Emil Pettersson and loses puck.
15:39 of 1st period - Snap shot by Daniel Zaar.
15:39 of 1st period - Stopped by Chet Pickard with a rebound.
16:00 of 1st period - Snap shot by Phil Di Giuseppe.
16:00 of 1st period - Shot Misses the Net.
16:02 of 1st period - Slapshot by Zach Trotman.
16:02 of 1st period - Deflect By Tyler Bozak.
16:02 of 1st period - Stopped by Ilya Samsonov without a rebound.
16:03 of 1st period - Theodor Blueger wins face-off versus Tyler Bozak in Condors zone.
16:06 of 1st period - Slapshot by Luca Sbisa.
16:06 of 1st period - Shot Blocked by Anton Slepyshev.
16:08 of 1st period - Slapshot by Alex Plante.
16:08 of 1st period - Shot Misses the Net.
16:10 of 1st period - Slapshot by Alex Plante.
16:10 of 1st period - Shot Misses the Net.
16:16 of 1st period - Slapshot by Juho Lammikko.
16:16 of 1st period - Shot Blocked by Tyler Bozak.
16:18 of 1st period - Slapshot by Phil Di Giuseppe.
16:18 of 1st period - Stopped by Ilya Samsonov without a rebound.
16:19 of 1st period - Frederik Gauthier wins face-off versus Corban Knight in Condors zone.
16:19 of 1st period - Frederik Gauthier is hit by Billy Sweat.
16:29 of 1st period - Slapshot by Andrew Mangiapane.
16:29 of 1st period - Stopped by Chet Pickard with a rebound.
16:49 of 1st period - Snap shot by Tyler Bozak.
16:49 of 1st period - Deflect By Nail Yakupov.
16:49 of 1st period - Stopped by Chet Pickard with a rebound.
16:57 of 1st period - Slapshot by Tyler Bozak.
16:57 of 1st period - Shot Blocked by Justin Shugg.
17:07 of 1st period - Snap shot by Daniel Zaar.
17:07 of 1st period - Shot Misses the Net.
17:09 of 1st period - Slapshot by Zac Leslie.
17:09 of 1st period - Shot Misses the Net.
17:11 of 1st period - Snap shot by Louis Leblanc.
17:11 of 1st period - Stopped by Chet Pickard without a rebound.
17:12 of 1st period - Louis Leblanc wins face-off versus Corban Knight in Ice Dragons zone.
17:23 of 1st period - Wrist shot by C.J Suess.
17:23 of 1st period - Stopped by Chet Pickard with a rebound.
17:25 of 1st period - Snap shot by Louis Leblanc.
17:25 of 1st period - Shot Blocked by Corban Knight.
17:37 of 1st period - William Carrier is hit by Zac Leslie and loses puck.
18:00 of 1st period - Wrist shot by Phil Di Giuseppe.
18:00 of 1st period - Stopped by Ilya Samsonov with a rebound.
19:40 of 1st period - Jerome Gauthier-Leduc is hit by Alex Tuch.
19:58 of 1st period - Snap shot by Billy Sweat.
19:58 of 1st period - Shot Misses the Net.
Goals for this period are 1 for Ice Dragons vs 0 for Condors.
Shots for this period are 14 for Ice Dragons vs 17 for Condors.
2nd period
0:01 of 2nd period - Corban Knight wins face-off versus Tyler Bozak in neutral zone.
0:25 of 2nd period - Eric Gustafsson is hit by Justin Shugg and loses puck.
0:34 of 2nd period - Wrist shot by Mikko Lehtonen.
0:34 of 2nd period - Goal by Mikko Lehtonen - Ice Dragons : 1 - Condors : 1.
0:35 of 2nd period - Corban Knight wins face-off versus Tyler Bozak in neutral zone.
0:38 of 2nd period - Slapshot by Kevin Connauton.
0:38 of 2nd period - Shot Blocked by Eric Gustafsson.
1:02 of 2nd period - Eric Gustafsson is hit by Sam Carrick.
1:10 of 2nd period - Wrist shot by Andrew Mangiapane.
1:10 of 2nd period - Stopped by Chet Pickard with a rebound.
1:44 of 2nd period - Luca Sbisa is hit by Olli Maatta and loses puck.
2:28 of 2nd period - Carl Gunnarsson is hit by Sam Carrick and loses puck.
2:39 of 2nd period - Christian Thomas is hit by Logan MacMillan and loses puck.
2:52 of 2nd period - Snap shot by Chris Wagner.
2:52 of 2nd period - Shot Blocked by Eric Gustafsson.
2:54 of 2nd period - Snap shot by Chris Wagner.
2:54 of 2nd period - Stopped by Ilya Samsonov without a rebound.
2:55 of 2nd period - Corban Knight wins face-off versus Louis Leblanc in Condors zone.
3:02 of 2nd period - Zach Trotman is hit by C.J Suess and loses puck.
3:17 of 2nd period - Snap shot by C.J Suess.
3:17 of 2nd period - Stopped by Chet Pickard without a rebound.
3:18 of 2nd period - Sam Carrick wins face-off versus Tyler Bozak in Ice Dragons zone.
3:58 of 2nd period - Snap shot by Corban Knight.
3:58 of 2nd period - Deflect By Billy Sweat.
3:58 of 2nd period - Shot Misses the Net.
3:58 of 2nd period - Puck is out of play.
3:59 of 2nd period - Nail Yakupov wins face-off versus William Carrier in Condors zone.
3:59 of 2nd period - Nail Yakupov is hit by Zach Trotman.
4:06 of 2nd period - Minor Penalty to William Carrier for Hooking.
4:07 of 2nd period - Corban Knight wins face-off versus Tyler Bozak in Ice Dragons zone.
4:34 of 2nd period - Slapshot by Eric Gustafsson.
4:34 of 2nd period - Deflect By Andrew Mangiapane.
4:34 of 2nd period - Shot Misses the Net.
4:34 of 2nd period - Puck is out of play.
4:35 of 2nd period - Corban Knight wins face-off versus Frederik Gauthier in Ice Dragons zone.
6:06 of 2nd period - Penalty to William Carrier is over, William Carrier is back on ice.
6:23 of 2nd period - Snap shot by Logan MacMillan.
6:23 of 2nd period - Shot Misses the Net.
6:25 of 2nd period - Wrist shot by Logan MacMillan.
6:25 of 2nd period - Stopped by Ilya Samsonov with a rebound.
6:37 of 2nd period - Wrist shot by Louis Leblanc.
6:37 of 2nd period - Stopped by Chet Pickard with a rebound.
6:39 of 2nd period - Snap shot by Louis Leblanc.
6:39 of 2nd period - Shot Misses the Net.
6:41 of 2nd period - Snap shot by Carl Gunnarsson.
6:41 of 2nd period - Shot Blocked by Robin Norell.
6:43 of 2nd period - Slapshot by Carl Gunnarsson.
6:43 of 2nd period - Stopped by Chet Pickard with a rebound.
6:45 of 2nd period - Wrist shot by Louis Leblanc.
6:45 of 2nd period - Stopped by Chet Pickard without a rebound.
6:46 of 2nd period - Tyler Bozak wins face-off versus Sam Carrick in Ice Dragons zone.
6:57 of 2nd period - Slapshot by Kevin Connauton.
6:57 of 2nd period - Shot Misses the Net.
6:59 of 2nd period - Slapshot by Sam Carrick.
6:59 of 2nd period - Deflect By Logan MacMillan.
6:59 of 2nd period - Shot Blocked by Tyler Bozak.
6:59 of 2nd period - Puck is out of play.
7:00 of 2nd period - Tyler Bozak wins face-off versus Corban Knight in Condors zone.
7:13 of 2nd period - Anton Slepyshev is hit by Corban Knight and loses puck.
7:36 of 2nd period - Slapshot by Frederik Gauthier.
7:36 of 2nd period - Stopped by Chet Pickard without a rebound.
7:37 of 2nd period - Tyler Bozak wins face-off versus Brandon Kozun in Ice Dragons zone.
7:38 of 2nd period - Wrist shot by Nail Yakupov.
7:38 of 2nd period - Shot Misses the Net.
8:04 of 2nd period - Snap shot by Mikko Lehtonen.
8:04 of 2nd period - Stopped by Chet Pickard with a rebound.
8:46 of 2nd period - Carl Gunnarsson is hit by Zach Trotman and loses puck.
8:51 of 2nd period - Backhand shot by Theodor Blueger.
8:51 of 2nd period - Shot Misses the Net.
8:53 of 2nd period - Slapshot by Robin Norell.
8:53 of 2nd period - Shot Blocked by Anton Slepyshev.
9:35 of 2nd period - Zac Leslie is hit by Justin Shugg and loses puck.
9:52 of 2nd period - Snap shot by William Carrier.
9:52 of 2nd period - Stopped by Ilya Samsonov with a rebound.
9:54 of 2nd period - Snap shot by William Carrier.
9:54 of 2nd period - Stopped by Ilya Samsonov with a rebound.
9:56 of 2nd period - Wrist shot by Chris Wagner.
9:56 of 2nd period - Shot Blocked by Christian Thomas.
10:37 of 2nd period - Wrist shot by C.J Suess.
10:37 of 2nd period - Shot Blocked by Billy Sweat.
11:19 of 2nd period - Snap shot by William Carrier.
11:19 of 2nd period - Shot Misses the Net.
11:21 of 2nd period - Snap shot by Chris Wagner.
11:21 of 2nd period - Stopped by Ilya Samsonov without a rebound.
11:22 of 2nd period - Nail Yakupov wins face-off versus Corban Knight in Condors zone.
11:22 of 2nd period - Nail Yakupov is hit by Billy Sweat.
11:34 of 2nd period - Wrist shot by Corban Knight.
11:34 of 2nd period - Goal by Corban Knight - Ice Dragons : 2 - Condors : 1.
11:35 of 2nd period - Corban Knight wins face-off versus Tyler Bozak in neutral zone.
11:37 of 2nd period - Off-side.
11:38 of 2nd period - Tyler Bozak wins face-off versus Brandon Kozun in neutral zone.
12:46 of 2nd period - Luca Sbisa is hit by Tyler Bozak and loses puck.
13:07 of 2nd period - Snap shot by Phil Di Giuseppe.
13:07 of 2nd period - Shot Misses the Net.
13:13 of 2nd period - Juho Lammikko is hit by Zac Leslie and loses puck.
13:44 of 2nd period - Alex Plante is hit by Andrew Mangiapane and loses puck.
14:14 of 2nd period - Snap shot by Tyler Bozak.
14:14 of 2nd period - Deflect By Anton Slepyshev.
14:14 of 2nd period - Deflect By Corban Knight.
14:14 of 2nd period - Shot Misses the Net.
14:14 of 2nd period - Puck is out of play.
14:15 of 2nd period - Sam Carrick wins face-off versus Tyler Bozak in Ice Dragons zone.
14:20 of 2nd period - Erik Cernak is hit by Justin Shugg and loses puck.
14:37 of 2nd period - Slapshot by Nail Yakupov.
14:37 of 2nd period - Stopped by Chet Pickard without a rebound.
14:38 of 2nd period - Mikko Lehtonen wins face-off versus Corban Knight in Ice Dragons zone.
14:39 of 2nd period - Snap shot by Frederik Gauthier.
14:39 of 2nd period - Stopped by Chet Pickard with a rebound.
14:41 of 2nd period - Wrist shot by Mikko Lehtonen.
14:41 of 2nd period - Shot Blocked by Alex Plante.
14:43 of 2nd period - Wrist shot by Andrew Mangiapane.
14:43 of 2nd period - Goal by Andrew Mangiapane - Ice Dragons : 2 - Condors : 2.
14:44 of 2nd period - Tyler Bozak wins face-off versus Corban Knight in neutral zone.
15:09 of 2nd period - Zach Trotman is hit by Eric Gustafsson.
16:08 of 2nd period - Daniel Zaar is hit by Theodor Blueger and loses puck.
16:39 of 2nd period - Wrist shot by Daniel Zaar.
16:39 of 2nd period - Shot Misses the Net.
17:01 of 2nd period - C.J Suess is hit by Zach Trotman and loses puck.
17:06 of 2nd period - Snap shot by Phil Di Giuseppe.
17:06 of 2nd period - Shot Misses the Net.
17:14 of 2nd period - Snap shot by Phil Di Giuseppe.
17:14 of 2nd period - Shot Misses the Net.
17:16 of 2nd period - Snap shot by Juho Lammikko.
17:16 of 2nd period - Shot Misses the Net.
17:18 of 2nd period - Slapshot by Zach Trotman.
17:18 of 2nd period - Shot Blocked by Zac Leslie.
17:38 of 2nd period - Slapshot by Phil Di Giuseppe.
17:38 of 2nd period - Stopped by Ilya Samsonov without a rebound.
17:39 of 2nd period - Tyler Bozak wins face-off versus Corban Knight in Condors zone.
17:52 of 2nd period - Snap shot by Billy Sweat.
17:52 of 2nd period - Deflect By Corban Knight.
17:52 of 2nd period - Shot Blocked by Eric Gustafsson.
17:52 of 2nd period - Puck is out of play.
17:53 of 2nd period - Tyler Bozak wins face-off versus Corban Knight in Condors zone.
18:20 of 2nd period - Andrew Mangiapane is hit by Logan MacMillan and loses puck.
18:25 of 2nd period - Snap shot by Logan MacMillan.
18:25 of 2nd period - Stopped by Ilya Samsonov with a rebound.
18:27 of 2nd period - Slapshot by Robin Norell.
18:27 of 2nd period - Stopped by Ilya Samsonov with a rebound.
18:29 of 2nd period - Slapshot by Justin Shugg.
18:29 of 2nd period - Stopped by Ilya Samsonov with a rebound.
18:31 of 2nd period - Snap shot by Sam Carrick.
18:31 of 2nd period - Shot Blocked by Andrew Mangiapane.
19:01 of 2nd period - Wrist shot by Carl Gunnarsson.
19:01 of 2nd period - Shot Blocked by Brandon Kozun.
19:03 of 2nd period - Snap shot by Christian Thomas.
19:03 of 2nd period - Stopped by Chet Pickard with a rebound.
19:05 of 2nd period - Snap shot by Alex Tuch.
19:05 of 2nd period - Shot Misses the Net.
19:07 of 2nd period - Slapshot by Carl Gunnarsson.
19:07 of 2nd period - Shot Misses the Net.
19:09 of 2nd period - Slapshot by Mark Jankowski.
19:09 of 2nd period - Shot Misses the Net.
19:11 of 2nd period - Snap shot by Mark Jankowski.
19:11 of 2nd period - Shot Misses the Net.
19:42 of 2nd period - Wrist shot by Christian Thomas.
19:42 of 2nd period - Deflect By Mark Jankowski.
19:42 of 2nd period - Stopped by Chet Pickard without a rebound.
19:43 of 2nd period - Emil Pettersson wins face-off versus Mark Jankowski in Ice Dragons zone.
Goals for this period are 1 for Ice Dragons vs 2 for Condors.
Shots for this period are 10 for Ice Dragons vs 13 for Condors.
3rd period
0:01 of 3rd period - Anton Slepyshev wins face-off versus Corban Knight in neutral zone.
0:04 of 3rd period - Slapshot by Tyler Bozak.
0:04 of 3rd period - Shot Blocked by Zach Trotman.
0:06 of 3rd period - Wrist shot by Nail Yakupov.
0:06 of 3rd period - Goal by Nail Yakupov - Ice Dragons : 2 - Condors : 3.
0:07 of 3rd period - Tyler Bozak wins face-off versus Corban Knight in neutral zone.
0:32 of 3rd period - Nail Yakupov is hit by Zach Trotman and loses puck.
0:41 of 3rd period - Wrist shot by William Carrier.
0:41 of 3rd period - Stopped by Ilya Samsonov with a rebound.
0:53 of 3rd period - Wrist shot by Tyler Bozak.
0:53 of 3rd period - Deflect By Nail Yakupov.
0:53 of 3rd period - Shot Misses the Net.
0:53 of 3rd period - Puck is out of play.
0:54 of 3rd period - Frederik Gauthier wins face-off versus Sam Carrick in Ice Dragons zone.
1:48 of 3rd period - Slapshot by Chris Wagner.
1:48 of 3rd period - Shot Blocked by Olli Maatta.
3:45 of 3rd period - Louis Leblanc is hit by Theodor Blueger and loses puck.
4:11 of 3rd period - Frederik Gauthier is hit by Alex Plante and loses puck.
4:28 of 3rd period - Slapshot by Brandon Kozun.
4:28 of 3rd period - Shot Misses the Net.
4:45 of 3rd period - Snap shot by Mikko Lehtonen.
4:45 of 3rd period - Stopped by Chet Pickard with a rebound.
4:47 of 3rd period - Slapshot by Frederik Gauthier.
4:47 of 3rd period - Shot Hit the Post.
4:49 of 3rd period - Wrist shot by Andrew Mangiapane.
4:49 of 3rd period - Stopped by Chet Pickard with a rebound.
5:15 of 3rd period - Snap shot by Frederik Gauthier.
5:15 of 3rd period - Shot Misses the Net.
5:31 of 3rd period - Frederik Gauthier is hit by Zach Trotman.
5:41 of 3rd period - Snap shot by Mikko Lehtonen.
5:41 of 3rd period - Shot Misses the Net.
5:43 of 3rd period - Wrist shot by Brett Lernout.
5:43 of 3rd period - Shot Blocked by Emil Pettersson.
5:51 of 3rd period - Frederik Gauthier is hit by Emil Pettersson and loses puck.
6:34 of 3rd period - Slapshot by Frederik Gauthier.
6:34 of 3rd period - Stopped by Chet Pickard without a rebound.
6:35 of 3rd period - Tyler Bozak wins face-off versus Corban Knight in Ice Dragons zone.
6:36 of 3rd period - Snap shot by Nail Yakupov.
6:36 of 3rd period - Stopped by Chet Pickard with a rebound.
7:00 of 3rd period - Justin Shugg is hit by Zac Leslie and loses puck.
7:09 of 3rd period - Wrist shot by Christian Thomas.
7:09 of 3rd period - Deflect By Sam Carrick.
7:09 of 3rd period - Stopped by Chet Pickard without a rebound.
7:10 of 3rd period - Tyler Bozak wins face-off versus Corban Knight in Ice Dragons zone.
7:17 of 3rd period - Slapshot by Anton Slepyshev.
7:17 of 3rd period - Shot Misses the Net.
7:19 of 3rd period - Wrist shot by Nail Yakupov.
7:19 of 3rd period - Stopped by Chet Pickard with a rebound.
7:37 of 3rd period - Eric Gustafsson is hit by Justin Shugg and loses puck.
7:50 of 3rd period - Jerome Gauthier-Leduc is hit by Gustav Olofsson and loses puck.
8:03 of 3rd period - Robin Norell is hit by Louis Leblanc and loses puck.
8:53 of 3rd period - Snap shot by Luca Sbisa.
8:53 of 3rd period - Shot Blocked by Zac Leslie.
9:03 of 3rd period - Zach Trotman is hit by Nail Yakupov and loses puck.
9:21 of 3rd period - Slapshot by Eric Gustafsson.
9:21 of 3rd period - Shot Blocked by Sam Carrick.
11:11 of 3rd period - Olli Maatta is hit by Emil Pettersson and loses puck.
12:40 of 3rd period - Daniel Zaar is hit by Brandon Kozun and loses puck.
13:08 of 3rd period - Tyler Bozak is hit by Phil Di Giuseppe and loses puck.
13:34 of 3rd period - Olli Maatta is hit by Zach Trotman and loses puck.
13:35 of 3rd period - Olli Maatta from Condors is injured at 13:35 of 3rd period (Torso).
13:36 of 3rd period - Nail Yakupov wins face-off versus Corban Knight in Condors zone.
14:01 of 3rd period - Snap shot by Mark Jankowski.
14:01 of 3rd period - Deflect By Christian Thomas.
14:01 of 3rd period - Stopped by Chet Pickard without a rebound.
14:02 of 3rd period - Mark Jankowski wins face-off versus Sam Carrick in Ice Dragons zone.
15:43 of 3rd period - Minor Penalty to Eric Gustafsson for Interference.
15:44 of 3rd period - Corban Knight wins face-off versus Tyler Bozak in Condors zone.
16:13 of 3rd period - Slapshot by Kevin Connauton.
16:13 of 3rd period - Shot Blocked by Zac Leslie.
16:15 of 3rd period - Slapshot by Sam Carrick.
16:15 of 3rd period - Deflect By Justin Shugg.
16:15 of 3rd period - Goal by Justin Shugg - Ice Dragons : 3 - Condors : 3.
16:16 of 3rd period - Tyler Bozak wins face-off versus Corban Knight in neutral zone.
16:42 of 3rd period - Carl Gunnarsson is hit by Logan MacMillan and loses puck.
17:29 of 3rd period - Slapshot by Tyler Bozak.
17:29 of 3rd period - Stopped by Chet Pickard without a rebound.
17:30 of 3rd period - Anton Slepyshev wins face-off versus Corban Knight in Ice Dragons zone.
17:31 of 3rd period - Snap shot by Tyler Bozak.
17:31 of 3rd period - Shot Blocked by Billy Sweat.
17:49 of 3rd period - Billy Sweat is hit by Gustav Olofsson and loses puck.
18:06 of 3rd period - Billy Sweat is hit by Nail Yakupov and loses puck.
18:29 of 3rd period - Wrist shot by Tyler Bozak.
18:29 of 3rd period - Deflect By Brandon Kozun.
18:29 of 3rd period - Stopped by Chet Pickard without a rebound.
18:30 of 3rd period - Sam Carrick wins face-off versus Mark Jankowski in Ice Dragons zone.
18:39 of 3rd period - Zach Trotman is hit by Christian Thomas and loses puck.
19:02 of 3rd period - Snap shot by Andrew Mangiapane.
19:02 of 3rd period - Shot Misses the Net.
19:39 of 3rd period - Snap shot by Emil Pettersson.
19:39 of 3rd period - Goal by Emil Pettersson - Ice Dragons : 4 - Condors : 3.
19:40 of 3rd period - Tyler Bozak wins face-off versus Corban Knight in neutral zone.
19:43 of 3rd period - Condors, Ilya Samsonov is pulled from the net.
19:47 of 3rd period - Wrist shot by Tyler Bozak.
19:47 of 3rd period - Stopped by Chet Pickard without a rebound.
19:48 of 3rd period - Todd McLellan call a timeout for Condors.
19:48 of 3rd period - Tyler Bozak wins face-off versus Corban Knight in Ice Dragons zone.
Goals for this period are 2 for Ice Dragons vs 1 for Condors.
Shots for this period are 3 for Ice Dragons vs 11 for Condors.